TOP OF THE 1ST |
Lakewood BlueClaws batting - Pitching for Hartford Yard Goats : RHP Edward Cadenhead
|
Pitching: RHP Edward Cadenhead
|
|
Batting: RHB Chris Myers
|
0-0: Ball 1-0: Ball 2-0: Foul Ball, location: 2F 2-1: Ground out 6-3 (Groundball, 6, EV 83.8 MPH)
|
Batting: LHB Jose Carlos
|
0-0: Ball 1-0: Ball 2-0: Called Strike 2-1: Ball 3-1: Base on Balls
|
Batting: RHB Danny Krug
|
0-0: Ball 1-0: Called Strike 1-1: Called Strike 1-2: Ball 2-2: Ball 3-2: Foul Ball, location: 2F 3-2: SINGLE (Groundball, 34D, EV 103.1 MPH) Jose Carlos to second Runner from 2nd tries for 3rd, SAFE, throw by RF made to third Danny Krug to second
|
Batting: LHB Josh George
|
0-0: Called Strike 0-1: Ball 1-1: Ball 2-1: Fly out, F7 (Flyball, 7, EV 86.9 MPH)
|
Batting: RHB Matt McDevitt
|
0-0: Ball 1-0: Ball 2-0: Called Strike 2-1: Ball 3-1: Base on Balls
|
Batting: RHB Victor Arroyo
|
0-0: Called Strike 0-1: Ball 1-1: Foul Ball, location: 2F 1-2: Foul Ball, location: 2F 1-2: Ball 2-2: Foul Ball, location: 2F 2-2: Foul Ball, location: 2F 2-2: DOUBLE (Line Drive, 78D, EV 103.8 MPH) Jose Carlos scores Danny Krug scores Matt McDevitt to third
|
Batting: RHB Prabhukumar Santhanakrishnan
|
0-0: Ball 1-0: Called Strike 1-1: Ball 2-1: Ground out 3-1 (Groundball, 34, EV 86.9 MPH)
|
Top of the 1st over - 2 runs, 2 hits, 0 errors, 2 left on base; Lakewood 2 - Hartford 0 |
BOTTOM OF THE 1ST |
Hartford Yard Goats batting - Pitching for Lakewood BlueClaws : LHP Pat Palazzolo
|
Pitching: LHP Pat Palazzolo
|
|
Batting: LHB Glenn Lowther
|
0-0: Ground out 6-3 (Groundball, 6MS, EV 83.8 MPH)
|
Batting: LHB Bill McGregor
|
0-0: Foul Ball, location: 2F 0-1: Foul Ball, location: 2F 0-2: Fly out, F8 (Flyball, 8RS, EV 84.4 MPH)
|
Batting: RHB Tyler Stebbins
|
0-0: Ball 1-0: DOUBLE (Line Drive, 7LS, EV 93.1 MPH)
|
Batting: RHB Chris Tatum
|
0-0: Ground out 6-3 (Groundball, 6, EV 108.8 MPH)
|
Bottom of the 1st over - 0 runs, 1 hit, 0 errors, 1 left on base; Lakewood 2 - Hartford 0 |
TOP OF THE 2ND |
Lakewood BlueClaws batting - Pitching for Hartford Yard Goats : RHP Edward Cadenhead
|
Batting: RHB Gary Hills
|
0-0: SINGLE (Line Drive, 3D, EV 95.0 MPH)
|
Batting: RHB Pedro Mata
|
0-0: Ball 1-0: Ball 2-0: Foul Ball, location: 2F 2-1: Fielders Choice at 2nd, 6-4 (Groundball, 6, EV 86.2 MPH)
|
Batting: RHB Chris Myers
|
0-0: Ball 1-0: Swinging Strike 1-1: Ball 2-1: Grounds into double play, 6-4-3 (Groundball, 6, EV 87.5 MPH)
|
Top of the 2nd over - 0 runs, 1 hit, 0 errors, 0 left on base; Lakewood 2 - Hartford 0 |
BOTTOM OF THE 2ND |
Hartford Yard Goats batting - Pitching for Lakewood BlueClaws : LHP Pat Palazzolo
|
Batting: LHB Greg Valenzuela
|
0-0: Foul Ball, location: 2F 0-1: Hit by Pitch
|
Batting: RHB Guillermo Veronese
|
0-0: Ball Greg Valenzuela is caught stealing 2nd base 2-4 1-0: Foul Ball, location: 2F 1-1: Foul Ball, location: 2F 1-2: Strikes out looking
|
Batting: LHB Jeremy Brammer
|
0-0: Ball 1-0: Ball 2-0: Ball 3-0: Called Strike 3-1: Ground out 4-3 (Groundball, 4S, EV 82.5 MPH)
|
Bottom of the 2nd over - 0 runs, 0 hits, 0 errors, 0 left on base; Lakewood 2 - Hartford 0 |
TOP OF THE 3RD |
Lakewood BlueClaws batting - Pitching for Hartford Yard Goats : RHP Edward Cadenhead
|
Batting: LHB Jose Carlos
|
0-0: Foul Ball, location: 2F 0-1: Foul Ball, location: 2F 0-2: Ball 1-2: SINGLE (Groundball, 4MS, EV 73.1 MPH) (infield hit)
|
Batting: RHB Danny Krug
|
0-0: Ball 1-0: Ball Jose Carlos is caught stealing 2nd base 2-4 2-0: Ball 3-0: Called Strike 3-1: Called Strike 3-2: Ground out 5-3 (Groundball, 56, EV 106.9 MPH)
|
Batting: LHB Josh George
|
0-0: Foul Ball, location: 2F 0-1: Called Strike 0-2: Ball 1-2: Ball 2-2: Ball 3-2: Strikes out swinging
|
Top of the 3rd over - 0 runs, 1 hit, 0 errors, 0 left on base; Lakewood 2 - Hartford 0 |
BOTTOM OF THE 3RD |
Hartford Yard Goats batting - Pitching for Lakewood BlueClaws : LHP Pat Palazzolo
|
Batting: LHB Elijah Black
|
0-0: Ball 1-0: Ball 2-0: Swinging Strike 2-1: Fly out, F9 (Flyball, 9LM, EV 104.4 MPH)
|
Batting: LHB Zane Kelton
|
0-0: Called Strike 0-1: Ball 1-1: Ground out U3 (Groundball, 34, EV 107.5 MPH)
|
Batting: LHB Glenn Lowther
|
0-0: Ball 1-0: Called Strike 1-1: Ball 2-1: Called Strike 2-2: Ball 3-2: Base on Balls
|
Batting: LHB Bill McGregor
|
0-0: Called Strike Glenn Lowther steals 2nd, throwing error, E2 Glenn Lowther to third 0-1: SINGLE (Groundball, 56D, EV 107.5 MPH) Glenn Lowther scores
|
Batting: RHB Tyler Stebbins
|
0-0: Called Strike 0-1: Ball 1-1: Called Strike 1-2: Fielders Choice at 2nd, 5-4 (Groundball, 5, EV 91.9 MPH)
|
Bottom of the 3rd over - 1 run, 1 hit, 1 error, 1 left on base; Lakewood 2 - Hartford 1 |
TOP OF THE 4TH |
Lakewood BlueClaws batting - Pitching for Hartford Yard Goats : RHP Edward Cadenhead
|
Batting: RHB Matt McDevitt
|
0-0: Ball 1-0: Called Strike 1-1: Ball 2-1: Ball 3-1: Hit by Pitch
|
Batting: RHB Victor Arroyo
|
0-0: Called Strike 0-1: Foul Ball, location: 2F 0-2: Foul Ball, location: 2F 0-2: Ball 1-2: Foul Ball, location: 2F 1-2: Ball 2-2: Ball 3-2: Reached on error, E5 (Groundball, 56, EV 91.2 MPH) Matt McDevitt to second
|
Batting: RHB Prabhukumar Santhanakrishnan
|
0-0: Ball 1-0: TRIPLE (Line Drive, 89XD, EV 106.9 MPH) Matt McDevitt scores Victor Arroyo scores
|
Batting: RHB Gary Hills
|
0-0: Fly out, F8 (Flyball, 8LXD, EV 106.2 MPH) Runner from 3rd tags up, SCORES, no throw by CF
|
Batting: RHB Pedro Mata
|
0-0: Ball 1-0: SINGLE (Groundball, P, EV 89.4 MPH) (infield hit)
|
Batting: RHB Chris Myers
|
0-0: Ground out 5-3 (Groundball, 5S, EV 62.5 MPH) Pedro Mata to second
|
Batting: LHB Jose Carlos
|
0-0: Ball 1-0: SINGLE (Groundball, 6MD, EV 98.8 MPH) Pedro Mata to third Runner from 3rd tries for Home, SAFE, throw by CF to home Jose Carlos to second
|
Batting: RHB Danny Krug
|
0-0: Called Strike 0-1: Foul Ball, location: 2F 0-2: Ball 1-2: Ball 2-2: Strikes out swinging
|
Top of the 4th over - 4 runs, 3 hits, 1 error, 1 left on base; Lakewood 6 - Hartford 1 |
BOTTOM OF THE 4TH |
Hartford Yard Goats batting - Pitching for Lakewood BlueClaws : LHP Pat Palazzolo
|
Batting: RHB Chris Tatum
|
0-0: Foul Ball, location: 2F 0-1: Ball 1-1: Ball 2-1: Fly out, F9 (Flyball, 9LS, EV 88.8 MPH)
|
Batting: LHB Greg Valenzuela
|
0-0: Swinging Strike 0-1: Ground out 4-3 (Groundball, 4, EV 78.8 MPH)
|
Batting: RHB Guillermo Veronese
|
0-0: Foul Ball, location: 2F 0-1: Foul Ball, location: 2F 0-2: Ball 1-2: Foul Ball, location: 2F 1-2: Ball 2-2: Foul Ball, location: 2F 2-2: Strikes out swinging
|
Bottom of the 4th over - 0 runs, 0 hits, 0 errors, 0 left on base; Lakewood 6 - Hartford 1 |
TOP OF THE 5TH |
Lakewood BlueClaws batting - Pitching for Hartford Yard Goats : RHP Edward Cadenhead
|
Pitching: RHP Tony Barragan
|
|
Batting: LHB Josh George
|
0-0: Foul Ball, location: 2F 0-1: Ground out 5-3 (Groundball, 56, EV 107.5 MPH)
|
Batting: RHB Matt McDevitt
|
0-0: Ball 1-0: Ground out 6-3 (Groundball, 6M, EV 86.9 MPH)
|
Batting: RHB Victor Arroyo
|
0-0: Ball 1-0: Foul Ball, location: 2F 1-1: Ball 2-1: Ball 3-1: Base on Balls
|
Batting: RHB Prabhukumar Santhanakrishnan
|
0-0: Called Strike 0-1: Ball 1-1: Ball 2-1: Foul Ball, location: 2F 2-2: Strikes out swinging
|
Top of the 5th over - 0 runs, 0 hits, 0 errors, 1 left on base; Lakewood 6 - Hartford 1 |
BOTTOM OF THE 5TH |
Hartford Yard Goats batting - Pitching for Lakewood BlueClaws : LHP Pat Palazzolo
|
Batting: LHB Jeremy Brammer
|
0-0: Ball 1-0: Foul Ball, location: 2F 1-1: Foul Ball, location: 2F 1-2: Ball 2-2: Ground out 5-3 (Groundball, 6, EV 83.8 MPH)
|
Batting: LHB Elijah Black
|
0-0: Foul Ball, location: 2F 0-1: Called Strike 0-2: Ball 1-2: Ball 2-2: Foul Ball, location: 2F 2-2: Fly out, F9 (Flyball, 9S, EV 79.4 MPH)
|
Batting: LHB Zane Kelton
|
0-0: Ball 1-0: Called Strike 1-1: Ball 2-1: DOUBLE (Line Drive, 89D, EV 106.9 MPH)
|
Batting: LHB Glenn Lowther
|
0-0: Ball 1-0: Swinging Strike 1-1: Ball 2-1: Foul Ball, location: 2F 2-2: Ball 3-2: Foul Ball, location: 2F 3-2: Ground out U3 (Groundball, 34, EV 86.9 MPH)
|
Bottom of the 5th over - 0 runs, 1 hit, 0 errors, 1 left on base; Lakewood 6 - Hartford 1 |
TOP OF THE 6TH |
Lakewood BlueClaws batting - Pitching for Hartford Yard Goats : RHP Tony Barragan
|
Batting: RHB Gary Hills
|
0-0: Ball 1-0: Foul Ball, location: 2F 1-1: Called Strike 1-2: Fly out, F8 (Flyball, 8LD, EV 102.5 MPH)
|
Pitching: LHP Juan Vargas
|
|
Batting: RHB Pedro Mata
|
0-0: Ball 1-0: Ball 2-0: Ball 3-0: Base on Balls
|
Batting: RHB Chris Myers
|
0-0: Fly out, F7 (Flyball, 78S, EV 81.9 MPH)
|
Batting: LHB Jose Carlos
|
0-0: Foul Ball, location: 2F 0-1: Called Strike 0-2: Strikes out looking
|
Top of the 6th over - 0 runs, 0 hits, 0 errors, 1 left on base; Lakewood 6 - Hartford 1 |
BOTTOM OF THE 6TH |
Hartford Yard Goats batting - Pitching for Lakewood BlueClaws : LHP Pat Palazzolo
|
Batting: LHB Bill McGregor
|
0-0: Called Strike 0-1: Ball 1-1: Ball 2-1: Foul Ball, location: 2F 2-2: Fly out, F7 (Flyball, 7S, EV 93.1 MPH)
|
Pitching: RHP Jorge Sanchez
|
|
Batting: RHB Tyler Stebbins
|
0-0: Called Strike 0-1: Ball 1-1: Foul Ball, location: 2F 1-2: Ball 2-2: Foul Ball, location: 2F 2-2: Foul Ball, location: 2F 2-2: Ball 3-2: Foul Ball, location: 2F 3-2: Base on Balls
|
Batting: RHB Chris Tatum
|
0-0: SINGLE (Line Drive, 34D, EV 97.5 MPH) Tyler Stebbins to second
|
Batting: LHB Greg Valenzuela
|
0-0: Ball 1-0: Ball 2-0: Ball 3-0: Base on Balls Tyler Stebbins to third Chris Tatum to second
|
Batting: RHB Guillermo Veronese
|
0-0: Called Strike 0-1: Ball 1-1: Foul Ball, location: 2F 1-2: Strikes out looking
|
Batting: LHB Jeremy Brammer
|
0-0: Foul Ball, location: 2F 0-1: Ball 1-1: SINGLE (Groundball, 3D, EV 98.8 MPH) Tyler Stebbins scores Chris Tatum to third Greg Valenzuela to second Runner from 3rd tries for Home, SAFE, throw by RF to home
|
Batting: LHB Elijah Black
|
0-0: Called Strike 0-1: Called Strike 0-2: Ball 1-2: Strikes out looking
|
Bottom of the 6th over - 2 runs, 2 hits, 0 errors, 2 left on base; Lakewood 6 - Hartford 3 |
TOP OF THE 7TH |
Lakewood BlueClaws batting - Pitching for Hartford Yard Goats : LHP Juan Vargas
|
Pitching: LHP Ryouhei Hosaka
|
|
Batting: RHB Danny Krug
|
0-0: Ball 1-0: Foul Ball, location: 2F 1-1: SINGLE (Groundball, 6MD, EV 103.8 MPH)
|
Batting: LHB Josh George
|
0-0: Called Strike 0-1: Swinging Strike 0-2: Strikes out looking
|
Batting: RHB Matt McDevitt
|
0-0: Grounds into double play, 6-4-3 (Groundball, 56, EV 106.9 MPH)
|
Top of the 7th over - 0 runs, 1 hit, 0 errors, 0 left on base; Lakewood 6 - Hartford 3 |
BOTTOM OF THE 7TH |
Hartford Yard Goats batting - Pitching for Lakewood BlueClaws : RHP Jorge Sanchez
|
Pitching: RHP Ronnie DeAngelo
|
|
Batting: LHB Zane Kelton
|
0-0: Ball 1-0: Ball 2-0: Ball 3-0: Base on Balls
|
Batting: LHB Glenn Lowther
|
0-0: Ball 1-0: Ground out 4-3 (Groundball, 4MS, EV 65.6 MPH) Zane Kelton to second
|
Batting: LHB Bill McGregor
|
0-0: Ball 1-0: Ball 2-0: Called Strike 2-1: Ground out 5-3 (Groundball, 6, EV 80.0 MPH) Zane Kelton to third
|
Batting: RHB Tyler Stebbins
|
0-0: 2-RUN HOME RUN (Flyball, 7D, EV 97.5 MPH), Distance : 369 ft
|
Batting: RHB Chris Tatum
|
0-0: Ball 1-0: Called Strike 1-1: Ball 2-1: Ball 3-1: Base on Balls
|
Batting: LHB Greg Valenzuela
|
Pickoff Throw to First - Out! 1-3
|
Bottom of the 7th over - 2 runs, 1 hit, 0 errors, 0 left on base; Lakewood 6 - Hartford 5 |
TOP OF THE 8TH |
Lakewood BlueClaws batting - Pitching for Hartford Yard Goats : LHP Ryouhei Hosaka
|
Batting: RHB Victor Arroyo
|
0-0: Ball 1-0: Called Strike 1-1: Swinging Strike 1-2: Strikes out looking
|
Batting: RHB Prabhukumar Santhanakrishnan
|
0-0: Ball 1-0: Ball 2-0: Ball 3-0: Base on Balls
|
Batting: RHB Gary Hills
|
0-0: Ball 1-0: Ball 2-0: Called Strike 2-1: Foul Ball, location: 2F 2-2: SINGLE (Groundball, 56, EV 97.5 MPH) Prabhukumar Santhanakrishnan to second
|
Batting: RHB Pedro Mata
|
0-0: Foul Ball, location: 2F 0-1: Ball 1-1: Called Strike Prabhukumar Santhanakrishnan steals 3rd, throwing error, E2 Prabhukumar Santhanakrishnan scores Gary Hills to third 1-2: Strikes out looking
|
Batting: RHB Chris Myers
|
0-0: Foul Ball, location: 2F 0-1: SINGLE (Groundball, 56D, EV 111.9 MPH) Gary Hills scores
|
Batting: LHB Jose Carlos
|
0-0: Called Strike 0-1: Fly out, F4 (Popup, 34, EV 59.4 MPH)
|
Top of the 8th over - 2 runs, 2 hits, 1 error, 1 left on base; Lakewood 8 - Hartford 5 |
BOTTOM OF THE 8TH |
Hartford Yard Goats batting - Pitching for Lakewood BlueClaws : RHP Ronnie DeAngelo
|
Batting: LHB Greg Valenzuela
|
0-0: TRIPLE (Line Drive, 8RXD, EV 103.1 MPH)
|
Batting: RHB Guillermo Veronese
|
0-0: Ball 1-0: Called Strike 1-1: Fly out, F4 (Flyball, 34D, EV 73.1 MPH)
|
Batting: LHB Jeremy Brammer
|
0-0: Foul Ball, location: 2F 0-1: Swinging Strike 0-2: Strikes out swinging
|
Batting: LHB Elijah Black
|
0-0: Swinging Strike 0-1: Ground out 4-3 (Groundball, 4M, EV 101.2 MPH)
|
Bottom of the 8th over - 0 runs, 1 hit, 0 errors, 1 left on base; Lakewood 8 - Hartford 5 |
TOP OF THE 9TH |
Lakewood BlueClaws batting - Pitching for Hartford Yard Goats : LHP Ryouhei Hosaka
|
Pitching: RHP Tye Dickinson
|
|
Batting: RHB Danny Krug
|
0-0: Called Strike 0-1: SOLO HOME RUN (Flyball, 78XD, EV 105.6 MPH), Distance : 400 ft
|
Batting: LHB Josh George
|
0-0: Called Strike 0-1: Swinging Strike 0-2: Strikes out swinging
|
Batting: RHB Matt McDevitt
|
0-0: Ball 1-0: Called Strike 1-1: Called Strike 1-2: Strikes out swinging
|
Batting: RHB Victor Arroyo
|
0-0: Called Strike 0-1: Swinging Strike 0-2: Ball 1-2: Ball 2-2: Ball 3-2: Foul Ball, location: 2F 3-2: Foul Ball, location: 2F 3-2: SOLO HOME RUN (Flyball, 78XD, EV 106.9 MPH), Distance : 423 ft
|
Batting: RHB Prabhukumar Santhanakrishnan
|
0-0: Ball 1-0: Ball 2-0: Ball 3-0: Called Strike 3-1: Base on Balls
|
Batting: RHB Gary Hills
|
0-0: Called Strike 0-1: Ground out 4-3 (Groundball, 34, EV 86.9 MPH)
|
Top of the 9th over - 2 runs, 2 hits, 0 errors, 1 left on base; Lakewood 10 - Hartford 5 |
BOTTOM OF THE 9TH |
Hartford Yard Goats batting - Pitching for Lakewood BlueClaws : RHP Ronnie DeAngelo
|
Batting: LHB Zane Kelton
|
0-0: Ball 1-0: Called Strike 1-1: Foul Ball, location: 2F 1-2: Ball 2-2: Ground out 5-3 (Groundball, 56S, EV 89.4 MPH)
|
Batting: LHB Glenn Lowther
|
0-0: Called Strike 0-1: Ball 1-1: Ground out 4-3 (Groundball, 4, EV 80.0 MPH)
|
Batting: LHB Bill McGregor
|
0-0: Ball 1-0: Ball 2-0: Called Strike 2-1: Called Strike 2-2: Ball 3-2: Base on Balls
|
Batting: RHB Tyler Stebbins
|
0-0: Foul Ball, location: 2F 0-1: Fly out, F4 (Popup, 6M, EV 58.1 MPH)
|
Bottom of the 9th over - 0 runs, 0 hits, 0 errors, 1 left on base; Lakewood 10 - Hartford 5 |
|